 Dungeon Crawl Stone Soup version 0.24-a0-451-g263dff2034 (webtiles) character file.

Game seed: 14715224436569542222

58367 JellyEater the Thaumaturge (level 14, -2/90 HPs)
             Began as a Gargoyle Earth Elementalist on June 26, 2019.
             Was a High Priest of Vehumet.
             Slain by a harpy (19 damage)
             ... summoned by Kirke
             ... on level 14 of the Dungeon.
             The game lasted 00:52:55 (19241 turns).

JellyEater the Thaumaturge (GrEE)                  Turns: 19241, Time: 00:52:55

Health: -2/90      AC:  0    Str: 13    XL:     14   Next: 90%
Magic:  31/31      EV: 16    Int: 20    God:    Vehumet [*****.]
Gold:   1078       SH:  0    Dex: 10    Spells: 18/40 levels left

rFire    . . .     SeeInvis .   (weapon currently unavailable)
rCold    . . .     Gourm    .   (shield currently unavailable)
rNeg     + . .     Faith    .   (armour currently unavailable)
rPois    ∞         Spirit   .   (helmet currently unavailable)
rElec    .         Reflect  .   (cloak currently unavailable)
rCorr    .         Harm     .   (gloves currently unavailable)
MR       +....     Clarity  +   (boots currently unavailable)
Stlth    ++........             g - amulet of the acrobat
HPRegen  0.25/turn              (ring currently unavailable)
MPRegen  0.22/turn              (ring currently unavailable)

@: pig-form, flying, slowed
A: small, clarity, negative energy resistance 1, robust 1, petrification
resistance, rot immunity, AC +10
a: Renounce Religion


You were on level 14 of the Dungeon.
You worshipped Vehumet.
Vehumet was extremely pleased with you.
You were not hungry.
You were a filthy swine.
You visited 2 branches of the dungeon, and saw 15 of its levels.
You also visited: Ossuary, Bailey and Gauntlet.

You collected 1078 gold pieces.

Inventory:

Hand Weapons
 H - a +5 mace (melded)
 I - a +0 morningstar
 L - a +1 dire flail of protection
Missiles
 b - 307 stones (quivered)
 y - 2 atropa-tipped darts
 K - 3 throwing nets
Armour
 h - a +2 cloak (melded)
 o - a +1 hat (melded)
 P - a +2 robe of fire resistance (melded)
Jewellery
 g - an amulet of the acrobat (around neck)
 q - a +4 ring of dexterity
 t - a +4 ring of dexterity
 w - a ring of protection from fire (melded)
 z - the ring of Robustness (melded) {AC+8}
   (You found it in a Gauntlet)

   [ring of protection]

   It affects your AC (+8).
 C - an uncursed ring of protection from cold
 J - a +4 ring of strength
Wands
 f - a wand of random effects (13)
 v - a wand of iceblast (3)
 D - a wand of digging (10)
 E - a wand of enslavement (18)
 F - a wand of flame (35)
Scrolls
 e - a scroll of teleportation
 k - 4 scrolls of enchant weapon
 r - 8 scrolls of remove curse
 G - 2 scrolls of blinking
 M - 2 scrolls of enchant armour
 R - 2 scrolls of fog
 S - 2 scrolls of amnesia
Potions
 a - 2 potions of magic
 i - 2 potions of heal wounds
 j - 2 potions of agility
 l - 5 potions of might
 m - 2 potions of haste
 n - 7 potions of curing
 p - 2 potions of ambrosia
 s - a potion of mutation
 u - 4 potions of cancellation
 x - a potion of brilliance
 B - a potion of lignification
Miscellaneous
 A - a lightning rod (4/4)
 N - a lamp of fire (inert)
Comestibles
 d - 17 rations


   Skills:
 + Level 7.2 Fighting
 + Level 6.7 Maces & Flails
 + Level 7.3 Armour
 + Level 5.8 Dodging
 - Level 2.1 Stealth
 + Level 13.7 Spellcasting
 + Level 10.4 Conjurations
   Level 0.7 Transmutations
 + Level 12.0 Earth Magic
 + Level 4.9 Evocations


You had 18 spell levels left.
You knew the following spells:

 Your Spells              Type           Power        Failure   Level  Hunger
a - Sandblast             Erth           ######       1%          1    None
b - Stone Arrow           Conj/Erth      ######       1%          3    None
c - Lee's Rapid Deconstr  Erth           ######....   1%          5    ####...
d - Orb of Destruction    Conj           ######....   16%         7    #######
e - Iron Shot             Conj/Erth      ######....   1%          6    #####..

Your spell library contained the following spells:

 Spells                   Type           Power        Failure   Level  Hunger
 Sting                    Conj/Pois      ####         1%          1    None
 Passwall                 Tmut/Erth      #####...     1%          2    None
 Mephitic Cloud           Conj/Pois/Air  ####....     1%          3    None
 Beastly Appendage        Tmut           ###...       3%          1    None
 Petrify                  Tmut/Erth      #####...     3%          4    None
 Animate Skeleton         Necr           N/A          4%          1    None
 Apportation              Tloc           ##....       4%          1    None
 Confusing Touch          Hex            ##....       4%          1    None
 Pain                     Necr           ##..         4%          1    None
 Summon Small Mammal      Summ           ##..         4%          1    None
 Venom Bolt               Conj/Pois      ####......   4%          5    ####...
 Sticks to Snakes         Tmut           ###.....     5%          2    None
 Poisonous Vapours        Pois/Air       ##....       7%          2    None
 Spider Form              Tmut/Pois      ###.......   12%         3    None
 Olgreb's Toxic Radiance  Pois           ##......     13%         4    None
 Regeneration             Chrm/Necr      ##........   14%         3    None
 Vampiric Draining        Necr           ##........   14%         3    None
 Bolt of Cold             Conj/Ice       ####......   22%         6    #####..
 Ice Form                 Ice/Tmut       ###.....     38%         4    None
 Freezing Cloud           Conj/Ice/Air   ####......   38%         6    #####..
 Animate Dead             Necr           N/A          43%         4    None
 Blade Hands              Tmut           ###.......   69%         5    ####...
 Metabolic Englaciation   Hex/Ice        ##........   78%         5    ####...
 Ozocubu's Refrigeration  Ice            ##........   83%         6    #####..
 Simulacrum               Ice/Necr       ##........   100%        6    #####..


Dungeon Overview and Level Annotations

Branches:
Dungeon (14/15)            Temple (1/1) D:4            Lair (0/6) D:8
    Orc (0/2) D:12         Vaults (0/5) D:13

Altars:
Ashenzari
Cheibriados
Dithmenos
Elyvilon
Fedhas
Gozag
Hepliaklqana
Kikubaaqudgha
Makhleb
Nemelex Xobeh
Okawaru
Qazlal
Ru
Sif Muna
Trog
Uskayaw
Vehumet
Wu Jian
Xom
Yredelemnul
Zin
The Shining One

Portals:
Trove: D:11 (give 6 scrolls of blinking)

Annotations:
D:8 4 runed translucent doors, Gynju's ghost, novice DsFi
D:14 Kirke


Innate Abilities, Weirdness & Mutations

You are resistant to torment.
((Your stone body is resilient. (AC +10)))
You are immune to poison.
((Your large and strong wings let you fly indefinitely.))
You resist negative energy. (rN+)
((You are resistant to electric shocks. (rElec)))
((You can survive without breathing.))
You are immune to petrification.
You are immune to rotting.
You possess an exceptional clarity of mind.
You are robust. (+10% HP)


Message History

The harpy screeches!
The harpy closely misses you. The harpy barely misses you.
Something tries to affect you, but you resist.
The harpy closely misses you. The harpy completely misses you.
The harpy completely misses you. The harpy barely misses you.
You reach down and open the door.
The harpy screeches!
The harpy misses you. x2; The harpy claws you!
* * * LOW HITPOINT WARNING * * *
The harpy claws you!
* * * LOW HITPOINT WARNING * * *
The harpy claws you!
* * * LOW HITPOINT WARNING * * *
The harpy completely misses you.
There is an open door here.
Unknown command.
You feel much better. The harpy claws you!
* * * LOW HITPOINT WARNING * * *
The harpy completely misses you. The harpy claws you!!
You die...

,****,,,,,,,****,*,,,,,*****,,,,*
,,,**,,,,*,,* #.#......,,**,,,,*
,,,**,,,,*,,* #.#......,,**,,,,*
,,,******#..* #.#......,,**,,,,,
,,,* #..####'#......,,**,,,**
,,,* #..#...........,,**,,,* ,,,*
#..#.....<.....,,**,,,* ),,*
#..#.....).....,,**,,,* ,,,*
#..####h##,,,,,,,**,,,** ,,,*
#.....HH.#,********,,,,, ,,,*
#...###..#.********,,,,,
,,,******#...........,,,,,,,,,,,,
,,,,,......#.####.#.##******,,,,,
*****#####.#{# *.#.##****,,,,,,.
,,,,,,..##*#.# *.#...,,,,,,,,,..
******#.# #.# *.....,,,,,,,,...
#######.# #.####.#.#########...@


You could see 2 harpies.

Vanquished Creatures
  2 fire giants (D:13)
  An orc warlord (Bailey)
  Nessos (D:14)
  A minotaur (Gauntlet)
  A blizzard demon (Gauntlet)
  Josephine (D:12)
  3 two-headed ogres
  4 centaur warriors (D:13)
  An ogre mage (D:13)
  An unseen horror (D:12)
  4 orange crystal statues (D:8)
  2 orc knights (Bailey)
  Pikel (D:8)
  4 ugly things
  A manticore (D:11)
  4 gargoyles
  4 kobold demonologists
  A meliai (shapeshifter) (D:13)
  4 trolls
  A merfolk (shapeshifter) (D:13)
  2 hornets
  A raiju (Gauntlet)
  2 hippogriffs (D:13)
  A ynoxinul (Gauntlet)
  A spriggan (D:7)
  3 wraiths (D:12)
  4 yaks
  2 wyverns
  A basilisk (D:13)
  6 hogs (D:14)
  7 vampire mosquitoes
  A hungry ghost (D:6)
  A warg (D:12)
  A soldier ant (D:14)
  3 acid dragons
  4 water moccasins
  3 sky beasts
  14 orc warriors
  6 ice beasts
  A necrophage (D:11)
  A slave (D:8)
  A black bear (shapeshifter) (D:13)
  8 ogres
  A black bear (D:6)
  2 phantoms
  11 centaurs
  5 big kobolds
  13 bullfrogs
  2 gnoll sergeants
  A water moccasin skeleton (D:12)
  13 scorpions
  10 killer bees
  8 howler monkeys
  5 wights (D:12)
  3 bullfrog zombies
  7 crimson imps
  3 centaur zombies
  9 hounds
  A human zombie (Ossuary)
  4 iron imps (Gauntlet)
  2 jellies
  5 orc priests
  4 bullfrog skeletons
  3 quasits
  12 orc wizards
  Crazy Yiuf (D:3)
  3 iguanas
  10 worker ants
  Terence (D:2)
  3 big kobold zombies (Ossuary)
  4 hound zombies
  A hound skeleton (D:9)
  4 mummies
  A howler monkey zombie (D:8)
  21 gnolls
  14 adders
  3 scorpion zombies (Ossuary)
  3 shadow imps
  2 oozes
  3 adder skeletons
  4 worms
  3 dart slugs (D:2)
  6 leopard geckos
  42 orcs
  17 giant cockroaches
  A gnoll zombie (Ossuary)
  32 goblins
  27 hobgoblins
  9 jackals
  2 quokkas
  A ball python (D:1)
  A ball python skeleton (D:5)
  4 bats
  4 frilled lizards
  4 hobgoblin zombies
  17 kobolds
  3 kobold zombies
  A leopard gecko skeleton (D:4)
  A quokka skeleton (D:10)
  14 rats
  A demonic plant (Gauntlet)
508 creatures vanquished.

Vanquished Creatures (others)
  An orc wizard (D:12)
  6 demonic plants (Gauntlet)
7 creatures vanquished.

Grand Total: 515 creatures vanquished

Notes
Turn   | Place    | Note
-------+----------+-------------------------------------------
     0 | D:1      | JellyEater the Gargoyle Earth Elementalist began the quest
                  | for the Orb.
     0 | D:1      | Reached XP level 1. HP: 10/10 MP: 3/3
   345 | D:1      | Reached XP level 2. HP: 15/15 MP: 3/5
  1024 | D:1      | Reached XP level 3. HP: 19/19 MP: 0/7
  1029 | D:1      | Learned a level 3 spell: Stone Arrow
  1505 | D:2      | Reached skill level 3 in Spellcasting
  1508 | D:2      | Reached XP level 4. HP: 16/24 MP: 8/8
  1509 | D:2      | Reached skill level 1 in Conjurations
  1616 | D:2      | Noticed Terence
  1639 | D:2      | Killed Terence
  2278 | D:3      | Reached skill level 5 in Earth Magic
  2304 | D:3      | Reached XP level 5. HP: 22/28 MP: 6/10
  2311 | D:3      | Learned a level 5 spell: Lee's Rapid Deconstruction
  2712 | D:3      | Noticed an ogre
  2729 | D:3      | Killed an ogre
  2729 | D:3      | Reached skill level 4 in Spellcasting
  2729 | D:3      | Reached XP level 6. HP: 29/32 MP: 2/12
  3029 | D:3      | Found a runed translucent door.
  3030 | D:3      | Noticed Crazy Yiuf
  3037 | D:3      | Killed Crazy Yiuf
  3302 | D:4      | Reached XP level 7. HP: 36/36 MP: 7/13
  3393 | D:4      | Found a sand-covered staircase.
  3401 | Ossuary  | Entered an ossuary
  3848 | Ossuary  | Reached skill level 5 in Spellcasting
  3938 | Ossuary  | Reached XP level 8. HP: 28/41 MP: 12/15
  4048 | Ossuary  | Gained mutation: You tend to lose your temper in combat.
                  | [potion of mutation]
  4048 | Ossuary  | Gained mutation: You have very sharp teeth. [potion of
                  | mutation]
  4049 | Ossuary  | Lost mutation: You tend to lose your temper in combat.
                  | [potion of mutation]
  4049 | Ossuary  | Lost mutation: You have very sharp teeth. [potion of
                  | mutation]
  4049 | Ossuary  | Gained mutation: You are robust. (+10% HP) [potion of
                  | mutation]
  4049 | Ossuary  | Gained mutation: You possess an exceptional clarity of
                  | mind. [potion of mutation]
  4081 | Ossuary  | Reached skill level 5 in Conjurations
  4736 | D:4      | Found a staircase to the Ecumenical Temple.
  4746 | Temple   | Entered the Ecumenical Temple
  4900 | Temple   | Became a worshipper of Vehumet
  5029 | D:5      | Entered Level 5 of the Dungeon
  5822 | D:5      | Reached skill level 6 in Spellcasting
  6135 | D:5      | Reached XP level 9. HP: 30/49 MP: 4/18
  6147 | D:5      | Reached * piety under Vehumet
  6147 | D:5      | Offered knowledge of Flame Tongue by Vehumet.
  6906 | D:6      | You fall into a shaft and drop 1 floor!
  7097 | D:7      | Found a blossoming altar of Fedhas.
  7488 | D:6      | Reached skill level 7 in Spellcasting
  7582 | D:6      | Reached skill level 1 in Fighting
  7582 | D:6      | Reached skill level 1 in Armour
  7639 | D:6      | Reached skill level 1 in Maces & Flails
  8521 | D:8      | Reached XP level 10. HP: 58/58 MP: 5/20
  8654 | D:8      | Reached ** piety under Vehumet
  8665 | D:8      | Found a runed translucent gate.
  8666 | D:8      | Found a runed translucent gate.
  8676 | D:8      | Found a runed translucent gate.
  8697 | D:8      | Offered knowledge of Sting by Vehumet.
  8702 | D:8      | Noticed Gynju's ghost (novice DsFi)
  8718 | D:8      | Found a runed translucent door.
  8720 | D:8      | Noticed an orange crystal statue
  8937 | D:8      | Found a runed translucent door.
  8946 | D:8      | Noticed an orange crystal statue
  8946 | D:8      | Noticed an orange crystal statue
  8946 | D:8      | Noticed an orange crystal statue
  8949 | D:8      | Killed an orange crystal statue
  8949 | D:8      | Reached skill level 10 in Earth Magic
  9177 | D:8      | Killed an orange crystal statue
  9182 | D:8      | Killed an orange crystal statue
  9291 | D:8      | Noticed a manticore
  9293 | D:8      | Killed an orange crystal statue
  9305 | D:8      | Found the +10 large shield of Ignorance {rN+ Int-4}
  9652 | D:8      | Noticed Pikel
  9655 | D:8      | Killed Pikel
  9655 | D:8      | Reached XP level 11. HP: 67/67 MP: 9/22
  9674 | D:8      | Offered knowledge of Searing Ray by Vehumet.
  9687 | D:8      | Reached skill level 1 in Evocations
  9700 | D:8      | Found a shadowy altar of Dithmenos.
  9775 | D:8      | Found a staircase to the Lair.
 10129 | D:9      | Reached skill level 8 in Spellcasting
 10602 | D:9      | Found a white marble altar of Elyvilon.
 10609 | D:10     | Entered Level 10 of the Dungeon
 10680 | D:10     | Found a flagged portal.
 10701 | Bailey   | Entered a bailey
 10791 | Bailey   | Reached *** piety under Vehumet
 10884 | Bailey   | Offered knowledge of Ignite Poison by Vehumet.
 11105 | Bailey   | Reached **** piety under Vehumet
 11134 | Bailey   | Noticed an orc warlord
 11175 | Bailey   | Killed an orc warlord
 11314 | Bailey   | Noticed an orc knight
 11329 | Bailey   | Killed an orc knight
 11329 | Bailey   | Reached skill level 5 in Fighting
 11329 | Bailey   | Reached skill level 5 in Armour
 11350 | Bailey   | Offered knowledge of Dazzling Spray by Vehumet.
 11493 | Bailey   | Noticed an orc knight
 11506 | Bailey   | Killed an orc knight
 11743 | D:10     | Reached skill level 11 in Spellcasting
 11743 | D:10     | Reached XP level 12. HP: 74/74 MP: 23/27
 11744 | D:10     | Reached skill level 13 in Spellcasting
 11744 | D:10     | Reached XP level 13. HP: 79/79 MP: 23/30
 12662 | D:11     | Reached skill level 5 in Maces & Flails
 13388 | D:11     | Found a portal to a secret trove of treasure.
 13999 | D:11     | Reached ***** piety under Vehumet
 13999 | D:11     | Offered knowledge of Orb of Destruction by Vehumet.
 14139 | D:11     | Learned a level 7 spell: Orb of Destruction
 14308 | D:12     | Gained mutation: Your large and strong wings let you fly
                  | indefinitely. [Gargoyle growth]
 14308 | D:12     | Reached XP level 14. HP: 56/86 MP: 10/31
 14463 | D:12     | Found a gate leading to a gauntlet.
 14471 | Gauntlet | Entered a Gauntlet
 14471 | Gauntlet | Found a transporter.
 14480 | Gauntlet | Found a transporter.
 14495 | Gauntlet | Found a transporter.
 14500 | Gauntlet | Found a transporter.
 14515 | Gauntlet | Found a transporter.
 14516 | Gauntlet | Noticed a dire elephant
 14534 | Gauntlet | Found a transporter.
 14542 | Gauntlet | Noticed a cacodemon
 14549 | Gauntlet | Found a transporter.
 14554 | Gauntlet | Found a large runed translucent door.
 14555 | Gauntlet | Found a large runed translucent door.
 14556 | Gauntlet | Found a large runed translucent door.
 14556 | Gauntlet | Found a large runed translucent door.
 14557 | Gauntlet | Found a runed translucent gate.
 14558 | Gauntlet | Found a transporter.
 14558 | Gauntlet | Found a runed translucent gate.
 14559 | Gauntlet | Found a runed translucent gate.
 14560 | Gauntlet | Found a large runed translucent door.
 14560 | Gauntlet | Found a large runed translucent door.
 14561 | Gauntlet | Found the ring of Robustness {AC+8}
 14561 | Gauntlet | Found a large runed translucent door.
 14562 | Gauntlet | Found a large runed translucent door.
 14570 | Gauntlet | Found a transporter.
 14582 | Gauntlet | Found a transporter.
 14599 | Gauntlet | Found a transporter.
 14617 | Gauntlet | Found a transporter.
 14619 | Gauntlet | Found a transporter.
 14644 | Gauntlet | Found a transporter.
 14664 | Gauntlet | Found a transporter.
 14744 | Gauntlet | Found a transporter.
 14762 | Gauntlet | Found a large runed translucent door.
 14762 | Gauntlet | Found a large runed translucent door.
 14762 | Gauntlet | Found a runed translucent door.
 14762 | Gauntlet | Found a runed translucent door.
 14763 | Gauntlet | Found a large runed translucent door.
 14764 | Gauntlet | Found a large runed translucent door.
 14766 | Gauntlet | Found a transporter.
 14782 | Gauntlet | Found a large runed translucent door.
 14782 | Gauntlet | Found a large runed translucent door.
 14783 | Gauntlet | Found a large runed translucent door.
 14784 | Gauntlet | Found a large runed translucent door.
 14788 | Gauntlet | Found a transporter.
 15402 | D:12     | Reached skill level 5 in Dodging
 15739 | D:12     | Noticed Josephine
 15772 | D:12     | Killed Josephine
 15772 | D:12     | Offered knowledge of Iron Shot by Vehumet.
 15877 | D:12     | Learned a level 6 spell: Iron Shot
 15931 | D:12     | Found a staircase to the Orcish Mines.
 16407 | D:13     | Reached skill level 10 in Conjurations
 16898 | D:13     | Noticed a fire giant
 16921 | D:13     | Noticed a fire giant
 16938 | D:13     | Killed a fire giant
 17214 | D:13     | Killed a fire giant
 17374 | D:13     | Got an iridescent glaive
 17375 | D:13     | Identified the +3 glaive of Cuor {venom, *Contam Int+4
                  | Dex+3} (You found it on level 13 of the Dungeon)
 17468 | D:13     | Got a translucent leather armour
 17479 | D:13     | Identified the +2 leather armour "Joimonua" {rPois MR++
                  | Dex+4 Stlth-} (You found it on level 13 of the Dungeon)
 17544 | D:13     | Found a gate to the Vaults.
 18533 | D:14     | Noticed Nessos
 18541 | D:14     | Killed Nessos
 18672 | D:14     | Noticed Kirke
 18679 | D:14     | Noticed a sphinx
 19241 | D:14     | Slain by a harpy

Levels and vault maps discovered:
D:1:      onia_arrival_larder, layout_rooms, serial_park_tiny_2
D:2:      layout_loops_ring, minmay_worlds_worst_comb, uniq_terence
D:3:      layout_loops_ring, first_ration, uniq_crazy_yiuf_cottage
D:4:      layout_basic, temple_statues, nicolae_ossuary_entry_giza
D:5:      layout_loops_ring, chequers_jeans
D:6:      layout_basic
D:7:      layout_loops_ring, the_bakery, fedhas_altar_2
D:8:      layout_basic, lemuel_coloured_pillars_altar, lair_entry_dummy,
          gammafunk_ghost_necromancy, chequers_guarded_unrand_ignorance,
          uniq_pikel
D:9:      layout_long_grid, lemuel_statue_altar
D:10:     layout_stronghold, enter_bailey_3
D:11:     layout_stronghold, enter_trove_0, kennysheep_kite_vault
D:12:     layout_rooms, erik_orc_4, gauntlet_entry_generic, uniq_josephine
D:13:     layout_roguey, david_vaults_2, st_stairs_6,
          chequers_serial_rivers_micro_a, minmay_diamond_spiral
D:14:     layout_basic, hex_intersection, hangedman_decor_clover_reticule,
          uniq_nessos, uniq_kirke
Temple:   regret_index_temple_sigil_plot

Skill      XL: |  1  2  3  4  5  6  7  8  9 10 11 12 13 14 |
---------------+-------------------------------------------+-----
Earth Magic    | 4 5 6 7 8 9 10 11 12 | 12.0
Spellcasting   | 3 4 5 6 7 11 13 | 13.7
Conjurations   | 2 3 4 6 7 8 9 10 | 10.4
Fighting       | 2 4 5 7 |  7.2
Armour         | 2 4 5 7 |  7.3
Maces & Flails | 2 4 5 6 |  6.7
Dodging        | 2 3 4 5 |  5.8
Evocations     | 2 3 4 |  4.9
Stealth        | |  2.1
Transmutations | |  0.7

Action                   |  1- 3 |  4- 6 |  7- 9 | 10-12 | 13-15 || total
-------------------------+-------+-------+-------+-------+-------++-------
Melee: Whip              |    93 |   181 |   554 |    26 |       ||   854
       Unarmed           |     2 |       |       |       |     8 ||    10
       Mace              |       |       |       |   142 |   351 ||   493
 Cast: Sandblast         |    24 |    40 |   122 |    77 |    89 ||   352
       Stone Arrow       |       |     3 |     7 |     3 |     1 ||    14
       Lee's Rapid Decon |       |     1 |     1 |    38 |    80 ||   120
       Iron Shot         |       |       |       |       |    13 ||    13
       Orb of Destructio |       |       |       |       |     6 ||     6
 Abil: Fly               |       |       |       |       |     1 ||     1
Evoke: Wand              |       |       |       |    13 |     1 ||    14
       Lamp of fire      |       |       |       |       |     1 ||     1
  Use: Scroll            |     9 |     4 |    10 |     7 |     3 ||    33
       Potion            |       |       |     2 |     4 |    10 ||    16
 Stab: Sleeping          |     4 |     3 |     4 |       |       ||    11
  Eat: Chunk             |     2 |     7 |    14 |    14 |    25 ||    62
       Ration            |       |       |     1 |     2 |     5 ||     8
Armor: Robe              |    44 |    93 |   290 |    88 |   277 ||   792
Dodge: Dodged            |    78 |   129 |   405 |   159 |   488 ||  1259

Table legend:
 A = Non-vault XP
 B = Vault XP
 C = Vault XP percentage of total XP
 D = Non-vault monster count
 E = Vault monster count
 F = Vault count percentage of total count
                 A         B        C        D         E       F
            +---------+---------+-------+---------+---------+-------
      Total |   27174 |   24913 |  47.8 |     334 |     172 |  34.0
            +---------+---------+-------+---------+---------+-------
        D:1 |      46 |       3 |   6.1 |      22 |       2 |   8.3
        D:2 |      54 |      44 |  44.9 |      27 |       7 |  20.6
        D:3 |     324 |      37 |  10.2 |      25 |       1 |   3.8
        D:4 |     263 |      20 |   7.1 |      13 |       3 |  18.8
        D:5 |    1184 |       0 |   0.0 |      28 |       0 |   0.0
        D:6 |     985 |       0 |   0.0 |      23 |       0 |   0.0
        D:7 |     784 |     215 |  21.5 |      16 |       1 |   5.9
        D:8 |    1716 |    3183 |  65.0 |      29 |       5 |  14.7
        D:9 |    1207 |       0 |   0.0 |      17 |       0 |   0.0
       D:10 |     641 |       8 |   1.2 |      14 |       4 |  22.2
       D:11 |    3434 |    1737 |  33.6 |      25 |      15 |  37.5
       D:12 |    4724 |    2185 |  31.6 |      42 |      19 |  31.1
       D:13 |   10603 |    6790 |  39.0 |      49 |       8 |  14.0
       D:14 |    1209 |    2485 |  67.3 |       4 |       7 |  63.6
    Ossuary |       0 |     652 | 100.0 |       0 |      23 | 100.0
     Bailey |       0 |    4430 | 100.0 |       0 |      69 | 100.0
   Gauntlet |       0 |    3124 | 100.0 |       0 |       8 | 100.0
            +---------+---------+-------+---------+---------+-------
